 Dungeon Sprint DCSS version 0.21.1-1-g345015f (webtiles) character file.

14478 tyranidshit the Slayer (level 11, -5/118 HPs)
             Began as a Demonspawn Abyssal Knight on July 26, 2018.
             Was the Champion of Lugonu.
             Killed by divine providence
             ... invoked by a sphinx
              (14 damage)
             ... while paralysed
             ... in the Dungeon (Sprint IX: "|||||||||||||||||||||||||||||").
             The game lasted 00:15:31 (1770 turns).

tyranidshit the Slayer (Demonspawn Abyssal Knight)  Turns: 1770, Time: 00:15:32

Health: -5/118     AC: 31    Str: 19    XL:     11   Next: 89%
Magic:  0/19       EV:  2    Int: 16    God:    Lugonu [******]
Gold:   340        SH:  0    Dex: 18    Spells: 10/10 levels left

rFire    . . .     SeeInvis .   n - +3 war axe of the Three Hells {chop, rC+ Int+2 Stlth+}
rCold    + + +     Gourm    .   (no shield)
rNeg     . . .     Faith    .   k - +6 plate armour {rC+}
rPois    .         Spirit   +   (helmet unavailable)
rElec    .         Reflect  .   m - +2 cloak
rCorr    .         Harm     .   l - +0 pair of gloves
MR       .....     NoTele   +   y - +1 pair of boots "Sicla" {Dex+4}
Stlth    ..........             (no amulet)
HPRegen  0.29/turn              p - +3 ring of strength
MPRegen  0.32/turn              q - +2 ring of protection

@: paralysed, berserk cooldown, slowed
A: horns 3, thin metallic scales 1, agile 1, cold resistance 1, magic shield,
magic regeneration
a: Bend Space, Banish, Corrupt, Brand Weapon With Distortion, Renounce Religion


You were in the Dungeon.
You worshipped Lugonu.
Lugonu was exalted by your worship.
You were not hungry.

You visited 1 branch You collected 1613 gold pieces.
You spent 1273 gold pieces at shops.

Inventory:

Hand Weapons
 n - the +3 war axe of the Three Hells (weapon) {chop, rC+ Int+2 Stlth+}
   (You found it in the Dungeon)

   It inflicts extra damage upon your enemies.
   It affects your intelligence (+2).
   It protects you from cold.
   It makes you more stealthy.
Armour
 k - a +6 plate armour of cold resistance (worn)
 l - a +0 pair of gloves (worn)
 m - a +2 cloak (worn)
 y - the +1 pair of boots "Sicla" (worn) {Dex+4}
   (You found it in the Dungeon)

   It affects your dexterity (+4).
Magical Staves
 r - an uncursed staff of energy
Jewellery
 p - a +3 ring of strength (left hand)
 q - a +2 ring of protection (right hand)
 u - an uncursed ring of protection from fire
 v - an uncursed ring of fire
 w - an uncursed ring of fire
 x - an uncursed ring of see invisible
Scrolls
 h - 3 scrolls of remove curse
 i - 3 scrolls of blinking
 j - 2 scrolls of amnesia
 s - 4 scrolls of identify
 t - 2 scrolls of fog
 B - 4 scrolls of enchant weapon
Potions
 a - a potion of brilliance
 d - 7 potions of curing
 g - 4 potions of magic
 z - 2 potions of heal wounds
Comestibles
 c - 9 rations


   Skills:
 + Level 22.2 Fighting
 - Level 9.1 Axes
 - Level 8.5 Armour
 - Level 0.8 Dodging
 - Level 11.7 Invocations
 - Level 9.0 Evocations


You had 10 spell levels left.
You didn't know any spells.

Dungeon Overview and Level Annotations

Branches:
Dungeon (1/1)

Altars:
Cheibriados
Dithmenos
Elyvilon
Fedhas
Gozag
Hepliaklqana
Kikubaaqudgha
Makhleb
Nemelex Xobeh
Okawaru
Qazlal
Ru
Sif Muna
Trog
Uskayaw
Vehumet
Wu Jian
Xom
Yredelemnul
Zin
The Shining One
Beogh
Jiyva
Lugonu

Shops:
D =[[[

Annotations:
D corrupted


Innate Abilities, Weirdness & Mutations

You have a pair of large horns on your head.
You are partially covered in thin metallic scales. (AC +2)
When hurt, damage is shared between your health and your magic reserves.
You regenerate magic rapidly.
You are agile. (Dex +2)
Your flesh is cold resistant. (rC+)


Message History

* * * LOW HITPOINT WARNING * * *
The ice dragon tramples you!
* * * LOW HITPOINT WARNING * * *
You stumble backwards!
You slash the ice dragon!
You kill the ice dragon!
Lugonu accepts your kill.
The ice dragon scales are intact enough to wear.
You are no longer berserk.
You pass out from exhaustion.
You feel yourself slow down. The frost giant casts a spell at you.
The bolt of cold hits you! You resist.
* * * LOW HITPOINT WARNING * * *
The frost giant hits you with a battleaxe of freezing!
* * * LOW HITPOINT WARNING * * *
The frost giant freezes you.
The sphinx mumbles some strange words.
Something smites you!
You die...

▓'▓.▓†▓.▓.▓.▓.▓
▓.▓.▓†▓.▓.▓.▓'▓
▓.▓.▓†▓.▓.▓.▓)▓
▓.▓.▓†▓.▓.▓.▓(▓
▓)▓.▓.▓.▓.▓.▓(▓
▓.▓.▓.▓.▓∩▓.▓(▓
▓.▓.▓.▓.▓)▓.▓(▓
▓.▓.▓.▓.▓∩▓.▓.▓
▓.▓.▓.▓.▓.▓.▓@▓
▓(▓.▓.▓.▓∩▓.▓C▓
▓†▓.▓.▓.▓.▓.▓T▓
▓)▓.▓.▓.▓∩▓.▓u▓
▓)▓.▓[▓.▓.▓.▓H▓
▓.▓.▓'▓.▓)▓.▓O▓
▓.▓.▓.▓.▓.▓.▓.▓
▓.▓.▓[▓.▓.▓.▓.▓
▓.▓.▓.▓.▓.▓.▓.▓


You could see a frost giant, a sphinx, a green ugly thing, an ogre mage and a
deep troll earth mage.

Vanquished Creatures
  A stone giant (D)
  Harold (D)
  An ice dragon (D)
  2 centaur warriors (D)
  5 death yaks (D)
  An unseen horror (D)
  A black mamba (D)
  A komodo dragon (D)
  A blink frog (D)
  2 hippogriffs (D)
  A dream sheep (D)
  3 yaks (D)
  A wyvern (D)
  2 basilisks (D)
  4 porcupines (D)
  3 water moccasins (D)
  16 orc warriors (D)
  An ice beast (D)
  2 eyes of draining (D)
  A necrophage (D)
  A centaur (D)
  A wolf (D)
  A crocodile (D)
  2 bullfrogs (D)
  A wight (D)
  A quasit (D)
  An orc priest (D)
  4 orc wizards (D)
  An iguana (D)
  2 worker ants (D)
  An adder (D)
  A shadow imp (D)
  An adder zombie (D)
  2 adder skeletons (D)
  A dart slug (D)
  9 orcs (D)
  2 bat zombies (D)
  A goblin (D)
  A hobgoblin (D)
  A kobold (D)
  A quokka (D)
  A leopard gecko simulacrum (D)
  A rat (D)
88 creatures vanquished.

Vanquished Creatures (others)
  Gastronok (D)
  9 orc knights (D)
  Eustachio (D)
11 creatures vanquished.

Grand Total: 99 creatures vanquished

Notes
Turn   | Place    | Note
-------+----------+-------------------------------------------
     0 | D        | tyranidshit the Demonspawn Abyssal Knight began the quest for the Orb.
     0 | D        | Reached XP level 1. HP: 18/18 MP: 2/2
     6 | D        | Reached ** piety under Lugonu
     6 | D        | Reached skill level 4 in Fighting
    22 | D        | Noticed a worker ant
    28 | D        | Killed a worker ant
    28 | D        | Reached *** piety under Lugonu
    28 | D        | Reached skill level 6 in Fighting
    28 | D        | Gained mutation: You are partially covered in thin metallic scales. (AC +2) [demonic ancestry]
    28 | D        | Reached XP level 2. HP: 29/29 MP: 3/3
    28 | D        | Reached XP level 3. HP: 35/35 MP: 4/4
    30 | D        | Reached skill level 7 in Fighting
    36 | D        | Reached **** piety under Lugonu
    42 | D        | Found a roughly hewn altar of Beogh.
    42 | D        | Found a snail-covered altar of Cheibriados.
    42 | D        | Found a shadowy altar of Dithmenos.
    42 | D        | Found a white marble altar of Elyvilon.
    42 | D        | Found a blossoming altar of Fedhas.
    42 | D        | Found an opulent altar of Gozag.
    43 | D        | Found a hazy altar of Hepliaklqana.
    44 | D        | Found a viscous altar of Jiyva.
    45 | D        | Found an ancient bone altar of Kikubaaqudgha.
    46 | D        | Found a corrupted altar of Lugonu.
    47 | D        | Found a burning altar of Makhleb.
    48 | D        | Found a sparkling altar of Nemelex Xobeh.
    49 | D        | Found an iron altar of Okawaru.
    50 | D        | Found a stormy altar of Qazlal.
    51 | D        | Found a sacrificial altar of Ru.
    52 | D        | Found a deep blue altar of Sif Muna.
    53 | D        | Found a bloodstained altar of Trog.
    54 | D        | Found a hide-covered altar of Uskayaw.
    55 | D        | Found a radiant altar of Vehumet.
    56 | D        | Found an ornate altar of the Wu Jian Council.
    57 | D        | Found a shimmering altar of Xom.
    58 | D        | Found a basalt altar of Yredelemnul.
    59 | D        | Found a glowing silver altar of Zin.
    60 | D        | Found a glowing golden altar of the Shining One.
    85 | D        | Got the +3 war axe of the Three Hells {chop, rC+ Int+2 Stlth+}
   141 | D        | Noticed a centaur
   141 | D        | Noticed an eye of draining
   142 | D        | Reached skill level 1 in Evocations
   146 | D        | Gained mutation: You have a pair of small horns on your head. [demonic ancestry]
   146 | D        | Reached XP level 4. HP: 43/43 MP: 0/7
   146 | D        | Reached skill level 5 in Invocations
   147 | D        | Killed a centaur
   147 | D        | Reached ***** piety under Lugonu
   147 | D        | Reached skill level 5 in Armour
   147 | D        | Reached skill level 5 in Evocations
   147 | D        | Reached XP level 5. HP: 48/48 MP: 0/10
   155 | D        | Killed an eye of draining
   155 | D        | Gained mutation: You have a pair of horns on your head. [demonic ancestry]
   155 | D        | Reached XP level 6. HP: 55/55 MP: 0/12
   175 | D        | Noticed a wyvern
   178 | D        | Killed an unseen horror
   178 | D        | Gained mutation: You have a pair of large horns on your head. [demonic ancestry]
   178 | D        | Reached XP level 7. HP: 58/60 MP: 0/15
   188 | D        | Reached skill level 8 in Fighting
   188 | D        | Gained mutation: When hurt, damage is shared between your health and your magic reserves. [demonic ancestry]
   188 | D        | Reached XP level 8. HP: 24/68 MP: 1/16
   419 | D        | Gained mutation: Your body sometimes deteriorates upon taking damage. [potion of mutation]
   419 | D        | Gained mutation: Your muscles are strong. (Str +2) [potion of mutation]
   419 | D        | Gained mutation: You have supernaturally acute eyesight. (SInv) [potion of mutation]
   442 | D        | Noticed a komodo dragon
   443 | D        | Noticed a hippogriff
   449 | D        | Noticed a hippogriff
   450 | D        | Reached ****** piety under Lugonu
   450 | D        | Reached skill level 9 in Fighting
   450 | D        | Reached skill level 5 in Axes
   454 | D        | Noticed a black mamba
   455 | D        | Killed a komodo dragon
   455 | D        | Reached skill level 10 in Fighting
   457 | D        | Killed a hippogriff
   457 | D        | Reached skill level 11 in Fighting
   457 | D        | Gained mutation: You regenerate magic rapidly. [demonic ancestry]
   457 | D        | Reached XP level 9. HP: 64/81 MP: 13/17
   466 | D        | Killed a black mamba
   480 | D        | Reached skill level 12 in Fighting
   490 | D        | Reached skill level 13 in Fighting
   508 | D        | Reached skill level 14 in Fighting
   520 | D        | Noticed a death yak
   520 | D        | Noticed a death yak
   520 | D        | Noticed a death yak
   520 | D        | Noticed a death yak
   527 | D        | Noticed a death yak
   529 | D        | Killed a death yak
   529 | D        | Reached skill level 15 in Fighting
   529 | D        | Reached XP level 10. HP: 32/96 MP: 8/18
   541 | D        | Killed a death yak
   547 | D        | Killed a death yak
   547 | D        | Reached skill level 16 in Fighting
   553 | D        | Killed a death yak
   553 | D        | Reached skill level 17 in Fighting
   563 | D        | Killed a death yak
   574 | D        | Reached skill level 18 in Fighting
   639 | D        | Noticed Harold
   655 | D        | Killed Harold
   655 | D        | Reached XP level 11. HP: 55/110 MP: 12/19
   969 | D        | Corrupted D
   977 | D        | Killed Eustachio
   988 | D        | Reached skill level 19 in Fighting
   993 | D        | Killed Gastronok
  1016 | D        | Gained mutation: Your flesh is cold resistant. (rC+) [a neqoxec]
  1236 | D        | Found Xacuelauf's Jewellery Emporium.
  1236 | D        | Noticed an orc knight
  1236 | D        | Noticed an orc knight
  1236 | D        | Noticed an orc knight
  1237 | D        | Noticed an orc knight
  1238 | D        | Banished an orc knight
  1239 | D        | Found Hyileopp's Armour Shoppe.
  1240 | D        | Noticed an orc knight
  1241 | D        | Banished an orc knight
  1242 | D        | Banished an orc knight
  1244 | D        | Noticed an orc knight
  1262 | D        | Banished an orc knight
  1262 | D        | Reached skill level 20 in Fighting
  1314 | D        | Banished an orc knight
  1323 | D        | Banished an orc knight
  1358 | D        | Noticed an orc knight
  1363 | D        | Banished an orc knight
  1369 | D        | Noticed an orc knight
  1373 | D        | Banished an orc knight
  1386 | D        | Noticed an orc knight
  1389 | D        | Banished an orc knight
  1396 | D        | Found Zephoos's Armour Emporium.
  1399 | D        | Found Ripegrao's Antique Armour Shoppe.
  1438 | D        | Bought a +0 pair of boots for 49 gold pieces
  1453 | D        | Bought a glowing plate armour for 624 gold pieces
  1467 | D        | Bought a +4 plate armour of cold resistance for 600 gold pieces
  1564 | D        | Lost mutation: Your muscles are strong. (Str +2) [potion of mutation]
  1564 | D        | Lost mutation: Your body sometimes deteriorates upon taking damage. [potion of mutation]
  1564 | D        | Lost mutation: Your flesh is cold resistant. (rC+) [potion of mutation]
  1564 | D        | Lost mutation: You have supernaturally acute eyesight. (SInv) [potion of mutation]
  1564 | D        | Gained mutation: You are agile. (Dex +2) [potion of mutation]
  1564 | D        | Gained mutation: Your muscles are strong. (Str +2) [potion of mutation]
  1565 | D        | Lost mutation: Your muscles are strong. (Str +2) [potion of mutation]
  1565 | D        | Gained mutation: You can translocate small distances at will. [potion of mutation]
  1565 | D        | Lost mutation: You can translocate small distances at will. [potion of mutation]
  1565 | D        | Gained mutation: Your flesh is cold resistant. (rC+) [potion of mutation]
  1617 | D        | Got the +1 pair of boots "Sicla" {Dex+4}
  1723 | D        | Noticed a centaur warrior
  1731 | D        | Killed a centaur warrior
  1731 | D        | Reached skill level 21 in Fighting
  1742 | D        | Noticed a centaur warrior
  1743 | D        | Noticed a stone giant
  1744 | D        | Noticed an ice dragon
  1745 | D        | Noticed a frost giant
  1746 | D        | Noticed a deep troll earth mage
  1747 | D        | Noticed a green ugly thing
  1750 | D        | Noticed a sphinx
  1759 | D        | Killed a stone giant
  1760 | D        | Noticed an ogre mage
  1762 | D        | Killed a centaur warrior
  1762 | D        | Reached skill level 22 in Fighting
  1767 | D        | Killed an ice dragon
  1770 | D        | Killed from afar by a sphinx

Skill      XL: |  1  2  3  4  5  6  7  8  9 10 11 |
---------------+----------------------------------+-----
Fighting       | 6 7 8 11 15 18 22 | 22.2
Armour         | 3 5 8 |  8.5
Invocations    | 4 7 8 11 | 11.7
Evocations     | 2 5 9 |  9.0
Axes           | 3 7 9 |  9.1
Dodging        | |  0.8

Action                   |  1- 3 |  4- 6 |  7- 9 | 10-12 || total
-------------------------+-------+-------+-------+-------++-------
Melee: Hand axe          |    23 |     5 |       |       ||    28
       War axe           |     2 |     1 |    57 |   179 ||   239
       Headbutt          |       |     1 |    12 |    58 ||    71
Invok: Banish            |       |       |       |    10 ||    10
       Corrupt           |       |       |       |     1 ||     1
Evoke: Wand              |     1 |     3 |     6 |       ||    10
  Use: Potion            |     2 |       |     3 |     9 ||    14
       Scroll            |       |       |     2 |     2 ||     4
 Stab: Sleeping          |       |       |     1 |       ||     1
       Invisible         |       |       |       |     1 ||     1
  Eat: Ration            |       |       |       |     2 ||     2
Armor: Leather armour    |     3 |       |       |       ||     3
       Ring mail         |     2 |     2 |    22 |    19 ||    45
       Plate armour      |       |       |       |    64 ||    64
Dodge: Dodged            |    13 |     1 |    28 |    52 ||    94
